 Dungeon Crawl Stone Soup version 0.23-a0-207-g93a313e (webtiles) character file.

550 MisterFreud the Conjurer (level 7, -1/55 HPs)
             Began as a Naga Fire Elementalist on Sept 24, 2018.
             Was an Initiate of Cheibriados.
             Slain by a centaur (2 damage)
             ... on level 5 of the Dungeon.
             The game lasted 00:16:16 (5544 turns).

MisterFreud the Conjurer (Naga Fire Elementalist)   Turns: 5544, Time: 00:16:18

Health: -1/55      AC:  4    Str: 17    XL:     7   Next: 29%
Magic:  10/10      EV: 10    Int: 18    God:    Cheibriados [......]
Gold:   226        SH:  0    Dex: 12    Spells: 2/10 levels left

rFire    . . .     SeeInvis +   v - +0 morningstar (protect)
rCold    + . .     Gourm    .   (no shield)
rNeg     . . .     Faith    .   f - +1 robe
rPois    +         Spirit   .   (no helmet)
rElec    .         Reflect  .   (no cloak)
rCorr    .         Harm     .   (no gloves)
MR       .....                  (no barding)
Stlth    ++........             (no amulet)
HPRegen  0.18/turn              n - ring of protection from cold
MPRegen  0.12/turn              t - +5 ring of strength (curse)

@: short of breath, very slow
A: large, see invisible, deformed body, poison resistance, slowness 2, slow
metabolism 1, spit poison 1, AC +2
a: Spit Poison, Bend Time, Renounce Religion


You were on level 5 of the Dungeon.
You worshipped Cheibriados.
Cheibriados was noncommittal.
You were hungry.

You visited 1 branch of the dungeon, and saw 5 of its levels.

You collected 226 gold pieces.

Inventory:

Hand Weapons
 a - a +1 dagger
 b - a +0 hunting sling
 v - a +0 morningstar of protection (weapon)
Missiles
 d - 132 stones (quivered)
 e - 14 tomahawks
 i - 22 arrows
 k - 57 bolts
 r - 29 sling bullets
 u - 5 poisoned needles
Armour
 f - a +1 robe (worn)
 z - a +0 buckler
Jewellery
 n - a ring of protection from cold (left hand)
 t - a cursed +5 ring of strength (right hand)
Wands
 h - a wand of random effects (14)
Scrolls
 j - a scroll of remove curse
 y - a scroll of fog {unknown}
Potions
 g - a potion of mutation {unknown}
 l - 2 potions of agility {unknown}
 m - a potion of flight {unknown}
 o - 3 potions of curing
 p - 2 potions of heal wounds {unknown}
 q - a potion of lignification {unknown}
 s - 2 potions of haste {unknown}
 w - a potion of degeneration {unknown}
 x - a potion of berserk rage {unknown}
Comestibles
 c - 6 rations


   Skills:
 - Level 1.5 Dodging
 - Level 3.0 Stealth
 + Level 0.2 Shields
 - Level 2.0 Spellcasting
 + Level 5.7 Conjurations
 + Level 5.6 Fire Magic


You had 2 spell levels left.
You knew the following spells:

 Your Spells              Type           Power        Failure   Level  Hunger
a - Flame Tongue          Conj/Fire      ###..        1%          1    #......
b - Conjure Flame         Conj/Fire      ###.....     5%          3    ###....
c - Sticky Flame          Conj/Fire      ###.....     17%         4    #####..

Your spell library contained the following spells:

 Spells                   Type           Power        Failure   Level  Hunger
 Throw Flame              Conj/Fire      ###...       2%          2    ###....
 Inner Flame              Hex/Fire       ##......     17%         3    ###....
 Fireball                 Conj/Fire      ###.......   43%         5    ######.


Dungeon Overview and Level Annotations

Branches:
Dungeon (5/15)
 Temple: D:4-7

Altars:
Cheibriados
The Shining One

Shops:
D:4 *


Innate Abilities, Weirdness & Mutations

You cannot wear boots.
Your serpentine skin is tough. (AC +2)
You have supernaturally acute eyesight. (SInv)
Armour fits poorly on your strangely shaped body.
Your system is resistant to poisons. (rPois)
You cover ground very slowly.
You have a slow metabolism.
You can spit poison.


Message History

The centaur shoots an arrow.
The arrow hits you!
* * * LOW HITPOINT WARNING * * *
The centaur shoots an arrow.
The arrow hits you.
* * * LOW HITPOINT WARNING * * *
You see here an arrow.
Press: ? - help, Shift-Dir - straight line, f - centaur
Aim: a centaur, wielding a shortbow The splash of poison hits the centaur.
The centaur appears unharmed.
You feel slightly more hungry.
The centaur shoots an arrow.
The arrow hits you!
* * * LOW HITPOINT WARNING * * *
You feel better.
The centaur shoots an arrow.
The arrow closely misses you.
The centaur shoots an arrow.
The arrow hits you.
* * * LOW HITPOINT WARNING * * *
The centaur shoots an arrow.
The arrow barely misses you.
You see here an arrow.
The centaur unwields an uncursed shortbow.
The centaur hits you!
* * * LOW HITPOINT WARNING * * *
The centaur hits you.
You die...

#.. #.. #.# #.#
#####.###############
#...((..............#
+....(..###########.#
#.###.(.# #.# # #..@#
#.#### #...c..#
#....< ###....#
###### #....# #....#
######


You could see a centaur.

Vanquished Creatures
  A scorpion (D:4)
  A howler monkey (D:4)
  2 orc priests
  A centaur skeleton (D:4)
  Jessica (D:2)
  An orc wizard (D:4)
  5 worker ants
  A hound skeleton (D:4)
  A howler monkey skeleton (D:4)
  5 adders
  An ooze (D:3)
  An adder skeleton (D:4)
  A worm (D:2)
  20 orcs
  A ball python (D:4)
  10 bats
  10 giant cockroaches
  16 goblins
  9 hobgoblins
  4 jackals
  7 kobolds
  A quokka (D:2)
  9 frilled lizards
  6 rats
115 creatures vanquished.

Notes
Turn   | Place    | Note
-------+----------+-------------------------------------------
     0 | D:1      | MisterFreud the Naga Fire Elementalist began the quest for
                  | the Orb.
     0 | D:1      | Reached XP level 1. HP: 15/15 MP: 3/3
   316 | D:1      | Reached XP level 2. HP: 19/22 MP: 0/5
  1265 | D:2      | Noticed Jessica
  1271 | D:2      | Killed Jessica
  1271 | D:2      | Reached XP level 3. HP: 28/28 MP: 3/6
  1358 | D:2      | Reached XP level 4. HP: 36/36 MP: 5/7
  2476 | D:3      | Reached XP level 5. HP: 27/42 MP: 1/8
  2791 | D:3      | Found a glowing golden altar of the Shining One.
  4009 | D:3      | Learned a level 3 spell: Conjure Flame
  4014 | D:3      | Learned a level 4 spell: Sticky Flame
  4326 | D:3      | Reached XP level 6. HP: 45/49 MP: 4/9
  4551 | D:4      | Reached skill level 5 in Conjurations
  4569 | D:5      | Entered Level 5 of the Dungeon
  4905 | D:5      | Reached skill level 5 in Fire Magic
  5156 | D:4      | Found a snail-covered altar of Cheibriados.
  5181 | D:4      | Became a worshipper of Cheibriados the Contemplative
  5234 | D:4      | Found Ogeut's Assorted Antiques.
  5246 | D:4      | Reached XP level 7. HP: 55/55 MP: 5/10
  5544 | D:5      | HP: 1/55 [centaur (8)]
  5544 | D:5      | Slain by a centaur

Vault maps used:
D:1:      lightli_iron_boxes, kennysheep_doodads
D:2:      first_ration, uniq_jessica
D:3:      kennysheep_the_goblin_king, tso_metal_star
D:4:      nicolae_overflow_crystal_walls, serial_shops, kennysheep_little_box,
          minmay_goblin_outpost
D:5:      serial_shops, kennysheep_mini, lemuel_angel_altar

Skill      XL: |  1  2  3  4  5  6 |
---------------+-------------------+-----
Conjurations   | 2 3 4 5 |  5.7
Fire Magic     | 4 5 |  5.6
Dodging        | |  1.5
Stealth        | |  3.0
Shields        | |  0.2
Spellcasting   | |  2.0

Action                   |  1- 3 |  4- 6 |  7- 9 || total
-------------------------+-------+-------+-------++-------
Melee: Unarmed           |    22 |       |       ||    22
       Dagger            |    43 |   226 |       ||   269
       Morningstar       |       |     7 |    33 ||    40
Throw: Stone             |       |     2 |       ||     2
 Cast: Flame Tongue      |    18 |    86 |     4 ||   108
       Sticky Flame      |       |     6 |     2 ||     8
 Abil: Spit Poison       |    13 |    17 |     4 ||    34
  Use: Scroll            |     1 |     5 |       ||     6
       Potion            |       |       |     1 ||     1
 Stab: Sleeping          |       |     6 |       ||     6
  Eat: Chunk             |     2 |    13 |     2 ||    17
Armor: Robe              |    14 |    87 |    14 ||   115
Dodge: Dodged            |    51 |   210 |    24 ||   285

Table legend:
 A = Non-vault XP
 B = Vault XP
 C = Vault XP percentage of total XP
 D = Non-vault monster count
 E = Vault monster count
 F = Vault count percentage of total count
                 A         B        C        D         E       F
            +---------+---------+-------+---------+---------+-------
      Total |     729 |      58 |   7.4 |     103 |      12 |  10.4
            +---------+---------+-------+---------+---------+-------
        D:1 |      30 |       0 |   0.0 |      21 |       0 |   0.0
        D:2 |      41 |      37 |  47.4 |      14 |       1 |   6.7
        D:3 |     139 |      15 |   9.7 |      33 |       8 |  19.5
        D:4 |     471 |       4 |   0.8 |      30 |       2 |   6.2
        D:5 |      48 |       2 |   4.0 |       5 |       1 |  16.7
            +---------+---------+-------+---------+---------+-------
